 Dungeon Crawl Stone Soup version 0.29.1-13-g9f3cf754e1 (webtiles) character file.

Game seed: 9855577730110768887

4983 Vulpanium the Zephyrmancer (level 10, -1/61 (69) HPs)
             Began as a Green Draconian Air Elementalist on Jan 22, 2023.
             Was an Elder of Nemelex Xobeh.
             Slain by a wight
             ... wielding a +0 short sword
              (2 damage)
             ... on level 9 of the Dungeon.
             The game lasted 00:50:03 (11727 turns).

Vulpanium the Zephyrmancer (DrAE)                  Turns: 11727, Time: 00:50:09

HP:   -1/61 (69)    AC:  7    Str: 10    XL:     10   Next: 29%
MP:   2/30          EV: 13    Int: 23    God:    Nemelex Xobeh [****..]
Gold: 617           SH:  0    Dex: 11    Spells: 10/24 levels left

rFire   + . .      SeeInvis .   f - +3 dagger (drain)
rCold   + . .      Faith    .   (no shield)
rNeg    . . .      Spirit   .   (body armour unavailable)
rPois   +          Reflect  .   (helmet restricted)
rElec   .          Harm     .   L - scarf {rC+ rF+}
rCorr   .          Rampage  .   (no gloves)
Will    .....                   (no boots)
Stlth   ++........              (no amulet)
HPRegen 0.20/turn               g - ring of magical power
MPRegen 0.22/turn               A - ring of wizardry

@: short of breath, heavily drained
A: breathe noxious fumes, AC +7, unfitting armour, poison resistance,
cold-blooded, antennae 1, clever 1, frail 1
a: Breathe Noxious Fumes, Renounce Religion, Draw Escape, Draw Destruction, Draw
Summoning, Draw Stack, Triple Draw, Deal Four


You were on level 9 of the Dungeon.
You worshipped Nemelex Xobeh.
Nemelex Xobeh was greatly pleased with you.
You visited 1 branch of the dungeon, and saw 9 of its levels.
You also visited: Sewer and Ossuary.

You collected 722 gold pieces.
You spent 105 gold pieces at shops.

Inventory:

Hand Weapons
 f - a +3 dagger of draining (weapon)
Missiles
 C - a throwing net
Armour
 l - a scarf of harm
 L - a scarf of resistance (worn)
Magical Staves
 F - a staff of cold
Jewellery
 e - a ring of resist corrosion
 g - a ring of magical power (left hand)
 n - a +4 ring of evasion
 t - a ring of willpower
 A - a ring of wizardry (right hand)
 G - a ring of protection from fire
 K - a ring of wizardry
Wands
 y - a wand of paralysis (2)
 E - a wand of flame (8)
Scrolls
 c - 2 scrolls of vulnerability
 h - 4 scrolls of enchant weapon
 i - a scroll of noise
 j - 12 scrolls of identify
 m - 5 scrolls of poison
 o - 2 scrolls of enchant armour
 s - a scroll of teleportation
 w - 3 scrolls of magic mapping
 x - a scroll of fear
 B - 2 scrolls of butterflies
Potions
 a - 2 potions of magic
 b - 5 potions of curing
 d - 2 potions of invisibility
 k - 2 potions of cancellation {unknown}
 p - 2 potions of mutation
 q - a potion of haste
 r - 2 potions of degeneration {unknown}
 u - a potion of resistance {unknown}
 v - a potion of might {unknown}
 z - 2 potions of brilliance {unknown}
 D - 2 potions of berserk rage {unknown}
 H - a potion of heal wounds
 I - 2 potions of flight
 J - a potion of ambrosia


   Skills:
 + Level 3.6 Fighting
 + Level 5.2 Dodging
 + Level 3.4 Stealth
 + Level 7.8 Spellcasting
 + Level 6.9 Conjurations
 + Level 8.3 Air Magic
 + Level 2.3 Invocations


You had 10 spell levels left.
You knew the following spells:

 Your Spells              Type           Power      Damage    Failure   Level
a - Shock                 Conj/Air       100%       1d9       1%          1
b - Airstrike             Air            23%        2d(4-20)  1%          4
c - Lightning Bolt        Conj/Air       22%        1d37      3%          5
d - Summon Lightning Spi  Summ/Air       28%        N/A       5%          4

Your spell library contained the following spells:

 Spells                   Type           Power      Damage    Failure   Level
 Foxfire                  Conj/Fire      100%       2x1d9     1%          1
 Poisonous Vapours        Pois/Air       56%        N/A       1%          2
 Static Discharge         Conj/Air       44%        3-9/arc   1%          2
 Conjure Flame            Conj/Fire      25%        6-21      1%          3
 Swiftness                Air            47%        N/A       1%          3
 Slow                     Hex            32%        N/A       2%          1
 Flame Wave               Conj/Fire      25%        2d8       7%          4
 Confusing Touch          Hex            8%         N/A       9%          3
 Inner Flame              Hex/Fire       8%         N/A       9%          3
 Vampiric Draining        Necr           8%         2d6       9%          3
 Corpse Rot               Necr/Pois/Air  21%        N/A       9%          4
 Maxwell's Capacitive Co  Air            23%        ∞         99%         8


Dungeon Overview and Level Annotations

Branches:
Dungeon (9/15)             Temple (0/1) D:6           Sewer (visited)
Ossuary (visited)
   Lair: D:8-11         Orc: D:9-12

Altars:
Kikubaaqudgha
Nemelex Xobeh
Sif Muna
Uskayaw

Shops:
D:5 (**([


Innate Abilities, Weirdness & Mutations

You can breathe blasts of noxious fumes.
Your lurid green scales are hard. (AC +7)
You cannot fit into any form of body armour.
Your system is resistant to poisons. (rPois)
You are cold-blooded and may be slowed by cold attacks.
You have a pair of small antennae on your head.
Your mind is acute. (Int +4, Str/Dex -1)
You are frail. (-10% HP)


Message History

The glob of acid hits the wight!!!
The acid corrodes the wight!
You destroy the wight!
The wight hits you with a +0 short sword.
The wight barely misses you.
You draw a card...
You have drawn Vitriol.
Press: ? - help, Shift-Dir - straight line, f - wight
Aim: a wight, wielding a +0 short sword and wearing a +0 robe (slow)
The bolt of acid misses the wight.
The wight hits you with a +0 short sword.
You feel drained.
Your magical contamination has completely faded away.
The wight hits you with a +0 halberd!
Things that are here:
a +0 great sword; a +0 robe You barely miss the wight.
The wight is almost destroyed.
The wight closely misses you. The wight hits you with a +0 halberd!
A steam dragon comes into view.
You draw a card...
You have drawn the Pentagram.
You hit the wight.
The wight is almost destroyed.
Your hell hound breathes flames at the wight.
The blast of flame hits the wight!
The wight hits you with a +0 halberd.
You feel drained. The wight closely misses you.
The orange demon closely misses you.
You hit the wight but do no damage.
The wight is almost destroyed.
The wight hits you with a +0 halberd!
* * * LOW HITPOINT WARNING * * *
You feel drained.
* * * LOW HITPOINT WARNING * * *
Your hell hound bites the wight.
The steam dragon breathes steam at you. The ball of steam misses you.
The wight hits you with a +0 short sword!
* * * LOW HITPOINT WARNING * * *
You feel drained.
You die...
Your body disappears without a glow.

#. . .. .##( ... #.. #.##
#.# ##+## #..## #.# #...#
#4.###.# #...#
..#####§§@z#.# #...#
#..D§§.zh.))# #####...###
######.##.#.###...#......
#.##....##...+......
#........#...#......
....#####'##.......##'
....# #.....[.#...##.
##### +.......+...###
#.[.....#...#..


You could see an orange demon (summoned), 2 wights and a friendly hell hound
(summoned).

Vanquished Creatures
  Pikel (D:8)
  A hornet (D:9)
  A troll (D:5)
  A wraith (D:9)
  A wyvern (D:9)
  2 steam dragons (D:8)
  5 water moccasins
  A black bear (D:5)
  An ice beast (D:7)
  An orc warrior (D:5)
  3 centaurs
  A lemure (D:8)
  A phantom (D:6)
  An elf zombie (Ossuary)
  2 bullfrogs
  A gnoll sergeant (D:5)
  3 scorpions
  11 wights
  A vampire bat (D:3)
  3 howler monkeys
  A centaur zombie (Ossuary)
  A gnoll bouda (D:6)
  A hound (D:6)
  3 jellies
  2 orc priests (D:6)
  4 iguanas
  3 orc wizards
  2 mummies (Ossuary)
  9 gnolls
  7 adders
  5 river rats (Sewer)
  A shadow imp (D:7)
  2 white imps (D:8)
  2 worms (D:4)
  3 dart slugs
  17 orcs
  6 bats
  2 bat skeletons (D:3)
  2 bat zombies (D:3)
  7 endoplasms
  2 giant cockroaches
  3 gnoll zombies (Ossuary)
  11 goblins
  5 hobgoblins
  7 jackals
  8 kobolds
  4 quokkas
  8 ball pythons
  8 frilled lizards
  6 goblin zombies (Ossuary)
  3 hobgoblin zombies (Ossuary)
  24 rats
211 creatures vanquished.

Vanquished Creatures (collateral kills)
  Eustachio (D:5)
  An ogre (D:5)
  A scorpion (D:5)
  2 bullfrogs (Sewer)
  A hound (D:5)
  An iguana (D:5)
  2 adders (Sewer)
  A white imp (D:5)
  A ball python (Sewer)
  A frilled lizard (Sewer)
12 creatures vanquished.

Vanquished Creatures (others)
  An electric eel (D:6)
  6 fungi (D:9)
  17 plants
24 creatures vanquished.

Grand Total: 247 creatures vanquished

Notes
Turn   | Place    | Note
-------+----------+-------------------------------------------
     0 | D:1      | Vulpanium the Draconian Air Elementalist began the quest
                  | for the Orb.
     0 | D:1      | Reached XP level 1. HP: 14/14 MP: 3/3
   278 | D:1      | Reached XP level 2. HP: 20/20 MP: 1/5
   729 | D:1      | Found a faded altar of an unknown god.
   758 | D:1      | Prayed at the altar of an unknown god.
   758 | D:1      | Became a worshipper of Nemelex Xobeh the Trickster
   758 | D:1      | Reached * piety under Nemelex Xobeh
  1098 | D:1      | Reached XP level 3. HP: 22/26 MP: 6/6
  1192 | D:1      | Received a gift from Nemelex Xobeh
  2190 | D:2      | Reached ** piety under Nemelex Xobeh
  3253 | D:3      | Reached XP level 4. HP: 33/33 MP: 8/8
  3313 | D:3      | Found an ancient bone altar of Kikubaaqudgha.
  3317 | D:3      | Reached skill level 4 in Air Magic
  3598 | D:3      | Learned a level 4 spell: Airstrike
  4069 | D:4      | Reached XP level 5. HP: 25/38 MP: 9/9
  4260 | D:4      | Found a glowing drain.
  4320 | Sewer    | Entered a sewer
  4410 | Sewer    | Reached skill level 1 in Fighting
  4973 | Sewer    | Reached XP level 6. HP: 47/47 MP: 11/11
  5122 | D:4      | Reached *** piety under Nemelex Xobeh
  5124 | D:4      | Received a gift from Nemelex Xobeh
  5473 | D:4      | Reached skill level 5 in Air Magic
  5586 | D:5      | Entered Level 5 of the Dungeon
  5880 | D:5      | Found Qurufu's Assorted Antiques.
  5883 | D:5      | Bought an encrusted moonstone ring for 105 gold pieces
  5940 | D:5      | Noticed a troll
  5946 | D:5      | Killed a troll
  5947 | D:5      | Your scales start taking on a lurid green colour.
  5947 | D:5      | Reached XP level 7. HP: 44/52 MP: 13/13
  5947 | D:5      | Gained mutation: Your system is resistant to poisons.
                  | (rPois) [Green Draconian growth]
  6071 | D:5      | Reached skill level 5 in Spellcasting
  6077 | D:5      | Reached XP level 8. HP: 55/59 MP: 14/15
  6188 | D:5      | Received a gift from Nemelex Xobeh
  6228 | D:5      | Found Gudelih's Weapon Shop.
  6313 | D:5      | Reached skill level 1 in Invocations
  6468 | D:5      | Learned a level 5 spell: Lightning Bolt
  6485 | D:5      | Found Gunuf's Antique Armour Shop.
  6498 | D:5      | Noticed Eustachio
  6505 | D:5      | Killed Eustachio
  6506 | D:5      | Reached skill level 6 in Air Magic
  6521 | D:5      | Found Kiymizoh's Antique Weapon Emporium.
  6700 | D:5      | Found Luipp's Assorted Antiques.
  6801 | D:6      | Reached skill level 5 in Conjurations
  7255 | D:6      | Reached XP level 9. HP: 67/67 MP: 10/17
  7304 | D:6      | Reached skill level 7 in Air Magic
  7592 | D:6      | Found a staircase to the Ecumenical Temple.
  8627 | D:6      | Gained mutation: You have a pair of small antennae on your
                  | head. [potion of mutation]
  8627 | D:6      | Gained mutation: You are frail. (-10% HP) [potion of
                  | mutation]
  8627 | D:6      | Gained mutation: Your mind is acute. (Int +4, Str/Dex -1)
                  | [potion of mutation]
  8782 | D:7      | Received a gift from Nemelex Xobeh
  9255 | D:7      | Found a sand-covered staircase.
  9265 | Ossuary  | Entered an ossuary
  9581 | Ossuary  | Reached **** piety under Nemelex Xobeh
 10204 | D:8      | Noticed Pikel
 10216 | D:8      | Killed Pikel
 10217 | D:8      | Reached skill level 8 in Air Magic
 10346 | D:8      | Received a gift from Nemelex Xobeh
 10407 | D:8      | Found a hide-covered altar of Uskayaw.
 10425 | D:8      | Reached XP level 10. HP: 54/67 MP: 21/21
 10663 | D:8      | Reached skill level 5 in Dodging
 10719 | D:8      | Learned a level 4 spell: Summon Lightning Spire
 11000 | D:8      | Received a gift from Nemelex Xobeh
 11180 | D:8      | Found a shimmering blue altar of Sif Muna.
 11314 | D:8      | Reached ***** piety under Nemelex Xobeh
 11622 | D:9      | Received a gift from Nemelex Xobeh
 11725 | D:9      | Noticed an orange demon
 11727 | D:9      | HP: 1/63 [wight/+0 short sword (8)]
 11727 | D:9      | Slain by a wight

Illustrated notes

Levels and vault maps discovered:
D:1:      dpeg_arrival_simpleton_b, layout_loops_cross, basic_ecumenical_altar,
          kennysheep_pointless_box, minmay_misc_feat_more_columns
D:2:      layout_basic, minmay_tromino_v7
D:3:      minmay_inner_zag, layout_loops_cross, kennysheep_vampire_church,
          kennysheep_generic_room_5
D:4:      layout_basic, cheibrodos_sewer_entry_bend
D:5:      layout_gridville, serial_shops, nicolae_shop_overgrown_old_shop,
          nicolae_shop_bloodbath_and_beyond, kennysheep_mini_moat, shop,
          nicolae_stop_n_shop_1, minmay_misc_feat_four_crosses, uniq_eustachio
D:6:      layout_gridville, minmay_temple_entry_waves, serial_bayou,
          serial_bayou_pond_c, serial_bayou_pond_b, serial_bayou_pond_a,
          serial_bayou_crossing
D:7:      layout_loops_ring, nicolae_ossuary_entry_monument,
          roderic_roman_lattice
D:8:      layout_basic, lemuel_blue_sif_altar,
          mainiacjoe_overflow_cross_hatched, uniq_pikel
D:9:      layout_basic, grunt_lair_entry_orc_guard_hut, hex_intersection,
          hangedman_abyss_or_decor_clamps

Skill      XL: |  1  2  3  4  5  6  7  8  9 10 |
---------------+-------------------------------+-----
Dodging        | 2 3 4 5 |  5.2
Stealth        | 2 3 |  3.4
Spellcasting   | 3 4 5 7 |  7.8
Conjurations   | 2 3 4 5 6 |  6.9
Air Magic      | 4 5 6 8 |  8.3
Fighting       | 1 2 3 |  3.6
Invocations    | 2 |  2.3

Action                   |  1- 3 |  4- 6 |  7- 9 | 10-12 || total
-------------------------+-------+-------+-------+-------++-------
Melee: Unarmed           |     6 |       |       |       ||     6
       Punch             |     1 |       |     2 |       ||     3
       Dagger            |    22 |    61 |   138 |    56 ||   277
       Tailslap          |     2 |     2 |    23 |     5 ||    32
 Cast: Shock             |   100 |   116 |   194 |    14 ||   424
       Airstrike         |       |     1 |     5 |       ||     6
       Lightning Bolt    |       |       |       |    10 ||    10
Invok: Draw Destruction  |     1 |     4 |     7 |     3 ||    15
       Draw Summoning    |       |     1 |     2 |     1 ||     4
       Triple Draw       |       |     1 |     1 |       ||     2
       Draw Escape       |       |       |     2 |     2 ||     4
       Stack Five        |       |       |       |     1 ||     1
 Abil: Breathe Noxious F |       |       |    11 |     3 ||    14
  Use: Scroll            |       |     9 |     2 |       ||    11
       Potion            |       |     6 |     2 |       ||     8
 Stab: Sleeping          |     1 |       |       |       ||     1
       Confused          |       |       |       |     1 ||     1
Armor: Skin              |    11 |    23 |    65 |    26 ||   125
Dodge: Dodged            |    19 |    74 |   137 |    46 ||   276
